Map: Pride of Altaris LE

Players

PiLiPiLi - Winner!

  • Race: Protoss Protoss
  • League: Grandmaster

Bioice

  • Race: Zerg Zerg
  • League: Grandmaster

VOD

Have the link to the VOD?

Description

Time

  • Played on: March 11, 2022, 8:21 p.m.
  • Length: 7:24
Show
View Real Time Build Order
Export as new Build Order

PiLiPiLi Protoss - Winner!

Build Orders: 1 Gate Expand, Colossus Rush 

Get SALT Encoding   

  12  0:02  Probe  
  13  0:14  Probe  
  14  0:21  Pylon  
  14  0:26  Probe  
  15  0:39  Probe (Chrono Boost)  
  15  0:41  Gateway  
  17  0:51  Probe (Chrono Boost)  
  17  0:54  Assimilator  
  17  0:56  Probe (Chrono Boost)  
  18  1:06  Probe  
  19  1:18  Probe  
  20  1:24  Nexus  
  20  1:35  Cybernetics Core  
  20  1:37  Probe  
  21  1:44  Assimilator  
  21  1:50  Probe  
  21  1:53  Pylon  
  22  2:02  Probe  
  23  2:09  Stalker (Chrono Boost)  
  23  2:12  Warp Gate  
  23  2:14  Probe  
  26  2:26  Probe  
  27  2:30  Robotics Facility  
  27  2:34  Adept  
  27  2:36  Probe  
  30  2:38  Probe  
  31  2:48  Probe  
  31  2:50  Probe  
  33  3:00  Probe  
  33  3:02  Probe  
  35  3:07  Gateway  
  35  3:12  Probe  
  36  3:14  Probe  
  36  3:18  Warp Prism (Chrono Boost)  
  38  3:24  Probe  
  38  3:25  Robotics Bay  
  40  3:31  Pylon, Probe  
  41  3:37  Probe  
  42  3:42  Pylon  
  42  3:43  Probe  
  42  3:47  Observer  
  44  3:49  Probe  
  44  3:52  Assimilator  
  44  3:54  Assimilator  
  44  3:55  Probe  
  44  4:01  Probe  
  46  4:04  Stalker x2  
  46  4:07  Probe  
  46  4:09  Disruptor (Chrono Boost)  
  51  4:13  Probe  
  55  4:17  Gravitic Drive  
  55  4:20  Probe  
  55  4:23  Pylon  
  56  4:25  Probe  
  57  4:32  Probe  
  57  4:35  Disruptor (Chrono Boost)  
  62  4:40  Pylon  
  62  4:41  Pylon  
  61  5:01  Colossus (Chrono Boost), Gateway  
  61  5:03  Gateway  
  61  5:06  Pylon  
  67  5:07  Sentry, Stalker  
  71  5:20  Gateway x2  
  71  5:25  Gateway  
  71  5:26  Gateway  
  71  5:27  Pylon  
  71  5:29  Observer  
  71  5:42  Stalker  
  71  5:43  Stalker  
  71  5:47  Pylon  
  71  5:48  Pylon  
  75  6:03  Observer  
  75  6:09  Stalker x4  
  83  6:20  Stalker x4  
  83  6:21  Pylon  
  91  6:44  Stalker  
  91  6:45  Stalker x5  
  95  7:02  Stalker  
  95  7:03  Stalker  
  90  7:10  Stalker x4  
  90  7:11  Stalker  
  98  7:21  Stalker  
Show
View Real Time Build Order
Export as new Build Order

Bioice Zerg 

Build Orders: Hatch First 

Get SALT Encoding   

  12  0:01  Drone  
  13  0:13  Overlord  
  13  0:16  Drone  
  14  0:34  Drone x2  
  16  0:49  Hatchery  
  15  0:52  Drone  
  15  0:56  Drone  
  17  0:59  Drone  
  18  1:06  Extractor  
  17  1:16  Spawning Pool  
  16  1:19  Drone  
  16  1:22  Drone  
  18  1:29  Drone  
  19  1:39  Drone  
  20  1:50  Drone  
  21  2:02  Queen  
  21  2:03  Queen  
  21  2:04  Drone, Overlord  
  26  2:13  Drone x2  
  28  2:16  Metabolic Boost  
  28  2:25  Drone x2  
  30  2:33  Hatchery  
  30  2:35  Drone  
  30  2:37  Drone  
  31  2:48  Queen  
  31  2:51  Overlord  
  33  2:53  Drone  
  33  2:56  Zergling x2  
  33  2:58  Drone  
  36  3:04  Overlord  
  36  3:09  Queen  
  38  3:16  Drone  
  38  3:17  Drone x2  
  38  3:18  Drone x3  
  44  3:21  Overlord  
  44  3:23  Drone  
  44  3:26  Queen  
  47  3:29  Drone  
  47  3:30  Drone  
  47  3:33  Drone  
  50  3:39  Overlord  
  50  3:46  Drone x2  
  50  3:48  Spore Crawler  
  51  3:50  Drone x3  
  51  3:52  Drone  
  55  3:57  Roach Warren  
  55  4:00  Overlord  
  55  4:02  Overlord  
  54  4:05  Queen  
  56  4:10  Spore Crawler  
  56  4:12  Spine Crawler  
  56  4:13  Zergling x4  
  56  4:18  Zergling x6  
  56  4:19  Zergling x2  
  56  4:20  Zergling x2  
  56  4:23  Spore Crawler  
  59  4:34  Drone  
  59  4:35  Drone x6  
  66  4:40  Drone  
  66  4:41  Drone x3  
  66  4:44  Evolution Chamber  
  71  4:45  Drone x3  
  71  4:46  Drone  
  71  4:49  Overlord  
  71  4:51  Overlord  
  73  4:57  Extractor  
  73  4:58  Extractor, Overlord  
  71  5:02  Lair  
  71  5:07  Queen  
  71  5:09  Queen  
  71  5:10  Zerg Missile Weapons Level 1  
  75  5:14  Drone  
  75  5:15  Drone  
  75  5:16  Drone, Evolution Chamber  
  75  5:18  Drone x3  
  80  5:21  Drone  
  80  5:22  Drone x2  
  80  5:24  Drone  
  80  5:25  Drone  
  80  5:26  Drone  
  86  5:32  Drone x2  
  86  5:34  Overlord x2  
  85  5:45  Extractor x2  
  83  5:52  Roach  
  83  5:53  Roach x6  
  83  5:55  Overlord x2  
  97  6:16  Overlord x2  
  97  6:17  Ravager  
  98  6:20  Extractor  
  97  6:28  Ravager x3  
  97  6:29  Zergling x2  
  97  6:30  Zergling x28  
  115  6:39  Zergling x4  
  111  6:44  Roach x2  
  111  6:45  Ravager x3  
  92  7:02  Zergling x8, Roach x5  
  92  7:04  Roach x2  
Tags
 
Add a new tag
Caveats
  • Supply blocks, unpowered buildings, or Contaminate may cause inaccurate times.
  • Supply counts are checked every 10 seconds.